 Dungeon Crawl Stone Soup version 0.27-a0-1206-g6342a01c75 (webtiles) character file.

Game seed: 12763418518984504140

8829 Johnny the Thaumaturge (level 11, -9/72 HPs)
             Began as a Deep Elf Earth Elementalist on June 5, 2021.
             Was an Initiate of Dithmenos.
             Mangled by a shadow (24 damage)
             ... on level 9 of the Dungeon.
             The game lasted 00:11:45 (12262 turns).

Johnny the Thaumaturge (DEEE)                      Turns: 12262, Time: 00:11:46

Health: -9/72      AC: 12    Str:  5    XL:     11   Next: 15%
Magic:  23/37      EV: 11    Int: 24    God:    Dithmenos [......]
Gold:   654        SH:  0    Dex: 15    Spells: 21/32 levels left

rFire    . . .     SeeInvis .   D - +8 quarterstaff of Impeachment {elec, rPois}
rCold    + . .     Faith    .   (shield currently unavailable)
rNeg     . . .     Spirit   .   d - +3 leather armour {rC+}
rPois    +         Reflect  .   o - +0 helmet
rElec    .         Harm     .   (no cloak)
rCorr    .         Rampage  .   (no gloves)
Will     +....                  h - +0 pair of boots
Stlth    ++........             (no amulet)
HPRegen  0.22/turn              c - +4 ring of protection
MPRegen  0.25/turn              w - ring of magical power

@: no status effects
A: no striking features
a: Renounce Religion


You were on level 9 of the Dungeon.
You worshipped Dithmenos.
Dithmenos was noncommittal.
You visited 2 branches of the dungeon, and saw 10 of its levels.
You also visited: Sewer.

You collected 654 gold pieces.

Inventory:

Hand Weapons
 e - a +2 dagger of venom
 D - the +8 quarterstaff of Impeachment (weapon) {elec, rPois}
   (You found it on level 7 of the Dungeon)

   Occasionally, upon striking a foe, it can discharge electrical energy and
   cause terrible harm.
   It protects you from poison.
Missiles
 b - 207 stones
 K - a curare-tipped dart
Armour
 d - a +3 leather armour of cold resistance (worn)
 h - a +0 pair of boots (worn)
 o - a +0 helmet (worn)
 t - a +1 robe of fire resistance
 J - a +0 buckler
Jewellery
 c - a +4 ring of protection (left hand)
 w - a ring of magical power (right hand)
 C - a ring of poison resistance
 M - a ring of ice
Wands
 n - a wand of acid (1)
 s - a wand of flame (21)
 H - a wand of digging (5)
 L - a wand of iceblast (8)
Scrolls
 g - a scroll of silence {unknown}
 l - 2 scrolls of enchant armour {unknown}
 m - 2 scrolls of enchant weapon {unknown}
 q - 3 scrolls of teleportation
 u - a scroll of noise {unknown}
 v - 2 scrolls of magic mapping {unknown}
 x - 2 scrolls of summoning {unknown}
 y - a scroll of holy word {unknown}
 B - 2 scrolls of immolation {unknown}
 F - a scroll of fog {unknown}
 G - 5 scrolls of brand weapon {unknown}
 N - a scroll of identify
Potions
 a - 3 potions of curing
 f - a potion of lignification
 i - 5 potions of attraction
 j - 2 potions of berserk rage
 k - a potion of cancellation {unknown}
 p - 3 potions of brilliance
 r - a potion of mutation
 z - a potion of experience {unknown}
 A - 2 potions of degeneration {unknown}
 E - a potion of invisibility {unknown}
 I - a potion of might {unknown}


   Skills:
 * Level 10.2 Fighting
 - Level 2.4 Dodging
 - Level 2.4 Stealth
 + Level 2.3 Shields
 + Level 11.3 Spellcasting
 - Level 1.1 Transmutations
 + Level 9.9 Earth Magic


You had 21 spell levels left.
You knew the following spells:

 Your Spells              Type           Power      Damage    Failure   Level
a - Sandblast             Erth           100%       2d20      1%          1
b - Stone Arrow           Conj/Erth      74%        3d11      3%          3
c - Lee's Rapid Deconstr  Erth           28%        3d16*     3%          5
d - Passwall              Tmut/Erth      33%        N/A       1%          2

Your spell library contained the following spells:

 Spells                   Type           Power      Damage    Failure   Level
 Beastly Appendage        Tmut           36%        N/A       4%          1
 Foxfire                  Conj/Fire      52%        2x1d6     8%          1
 Magic Dart               Conj           52%        1d5       8%          1
 Wereblood                Tmut           18%        N/A       8%          2
 Petrify                  Tmut/Erth      40%        N/A       8%          4
 Poisonous Vapours        Pois/Air       26%        N/A       12%         2
 Searing Ray              Conj           26%        3d4       12%         2
 Spider Form              Tmut/Pois      8%         N/A       19%         3
 Conjure Flame            Conj/Fire      13%        6-21      22%         3
 Dazzling Flash           Conj/Hex       26%        N/A       22%         3
 Inner Flame              Hex/Fire       13%        N/A       22%         3
 Mephitic Cloud           Conj/Pois/Air  13%        N/A       22%         3
 Ice Form                 Ice/Tmut       16%        N/A       52%         4
 Fulminant Prism          Conj/Hex       6%         3d7       58%         4
 Iskenderun's Mystic Bla  Conj/Tloc      13%        2d5       58%         4
 Sticky Flame             Conj/Fire      13%        2d4       58%         4
 Hydra Form               Tmut           9%         N/A       80%         5
 Fireball                 Conj/Fire      6%         3d5       91%         5
 Freezing Cloud           Conj/Ice/Air   6%         6-21      100%        6


Dungeon Overview and Level Annotations

Branches:
Dungeon (9/15)             Temple (1/1) D:4            Lair (0/6) D:8
  Sewer (visited)
    Orc: D:9-12

Altars:
Ashenzari
Cheibriados
Dithmenos
Elyvilon
Fedhas
Gozag
Hepliaklqana
Kikubaaqudgha
Makhleb
Nemelex Xobeh
Okawaru
Qazlal
Ru
Sif Muna
Trog
Uskayaw
Vehumet
Wu Jian
Xom
Yredelemnul
Zin
The Shining One

Annotations:
D:9 2 transporters, fly's ghost, journeyman OpIE


Message History

Press: ? - help, Shift-Dir - straight line The stone arrow hits the centaur zombie!!
You destroy the centaur zombie!
Dithmenos accepts your kill.
You start resting.
A howler monkey zombie comes into view.
Casting: Stone Arrow (dangerous; 3% risk of failure)
Confirm with . or Enter, or press ? or * to list all spells.
Aiming: Sandblast (safe; 1% risk of failure)
Press: ? - help, Shift-Dir - straight line, f - howler monkey zombie
Aim: a howler monkey zombie (92% to hit)
The blast of sand hits the howler monkey zombie!!
The howler monkey zombie is almost destroyed.
The howler monkey zombie hits you.
* * * LOW HITPOINT WARNING * * *
Casting: Sandblast (safe; 1% risk of failure)
Confirm with . or Enter, or press ? or * to list all spells.
Aiming: Sandblast (safe; 1% risk of failure)
Press: ? - help, Shift-Dir - straight line, f/p - howler monkey zombie
Aim: a howler monkey zombie (almost destroyed, 92% to hit)
The blast of sand hits the howler monkey zombie!
You destroy the howler monkey zombie!
Dithmenos accepts your kill.
Casting: Sandblast (safe; 1% risk of failure)
Confirm with . or Enter, or press ? or * to list all spells.
You can't see any susceptible monsters within range! (Use Z to cast anyway.)
Casting: Sandblast (safe; 1% risk of failure)
Confirm with . or Enter, or press ? or * to list all spells.
You can't see any susceptible monsters within range! (Use Z to cast anyway.)
You start resting.
You are no longer corroded.
A shadow comes into view.
The shadow slips into darkness.
The shadow flickers and vanishes!
Deactivating autopickup; reactivate with Ctrl-A.
There is an open door here.
You close the door.
Something unseen opens the door.
You start resting.
The shadow strikes at you from the darkness!
You die...

#.#.#.'.#..# #...#..
#...###....# ......
####.....#'############..
#....##..'......... #.#.#
#.##.....#..#.##.####.#..
#...........)............
#..#######(#.###.#######.
#..#P...P#..##.#.# #.
#..#.###@#.#.#...# #.
#..#.'.#.'.#####.# #.
#..#.###.#.##....# #.
#..#P.†.P#....#..# #.
#..#######.#.#.#.# #.
#..........#.#.#...
#..##.#..##.##..####
#..#.###.#.#[#.## #....
###.#.####


There were no monsters in sight!

Vanquished Creatures
  A rakshasa (D:7)
  A centaur warrior (D:9)
  2 two-headed ogres
  An ugly thing (D:9)
  A manticore (D:9)
  A tengu conjurer (D:8)
  A hornet (D:8)
  A yak (D:8)
  2 wyverns
  A steam dragon (D:8)
  Menkaure (D:6)
  An acid dragon (D:9)
  Duvessa (D:5)
  An orc warrior (D:8)
  A black bear (D:8)
  A sky beast (D:6)
  A necrophage (D:5)
  3 phantoms
  7 centaurs
  4 kobold brigands
  Blork the orc (D:4)
  Dowan (D:5)
  7 bullfrogs
  A water moccasin skeleton (D:5)
  12 killer bees
  9 wights
  2 howler monkeys
  5 centaur zombies
  A hound (D:5)
  A jelly (D:5)
  4 orc priests
  A gnoll shaman (D:6)
  8 iguanas
  2 bullfrog skeletons (D:6)
  4 orc wizards
  A killer bee zombie (D:5)
  A hound skeleton (D:4)
  8 howler monkey zombies
  Robin (D:2)
  8 gnolls
  11 adders
  2 shadow imps
  A white imp (D:8)
  An adder skeleton (D:4)
  4 worms
  A dart slug (D:1)
  20 orcs
  11 ball pythons
  4 endoplasms
  13 giant cockroaches
  14 goblins
  9 hobgoblins
  11 jackals
  6 quokkas
  7 frilled lizards
  21 kobolds
  2 rats (D:2)
249 creatures vanquished.

Vanquished Creatures (others)
  A quokka (D:3)
  A butterfly (D:3)
  A plant (D:9)
3 creatures vanquished.

Grand Total: 252 creatures vanquished

Notes
Turn   | Place    | Note
-------+----------+-------------------------------------------
     0 | D:1      | Johnny the Deep Elf Earth Elementalist began the quest for
                  | the Orb.
     0 | D:1      | Reached XP level 1. HP: 10/10 MP: 6/6
   133 | D:1      | Reached XP level 2. HP: 8/16 MP: 2/8
   337 | D:1      | Reached skill level 1 in Fighting
   652 | D:1      | Found a faded altar of an unknown god.
  1134 | D:2      | Noticed Robin
  1138 | D:1      | Reached XP level 3. HP: 17/20 MP: 8/10
  1539 | D:3      | Found a shimmering altar of Xom.
  1864 | D:3      | Noticed an ice beast
  1956 | D:4      | Found a staircase to the Ecumenical Temple.
  2309 | D:3      | Reached XP level 4. HP: 26/26 MP: 7/11
  2522 | D:3      | Found a radiant altar of Vehumet.
  2593 | D:3      | Reached skill level 4 in Spellcasting
  3113 | D:3      | Found a burning altar of Makhleb.
  3581 | D:2      | Killed Robin
  3582 | D:2      | Reached XP level 5. HP: 17/31 MP: 4/13
  3940 | D:2      | Learned a level 3 spell: Stone Arrow
  3943 | D:2      | Learned a level 2 spell: Passwall
  4303 | D:4      | Noticed a centaur
  4313 | D:4      | Killed a centaur
  4314 | D:4      | Reached XP level 6. HP: 16/37 MP: 5/15
  4558 | D:4      | Reached skill level 5 in Spellcasting
  4578 | D:5      | Entered Level 5 of the Dungeon
  4827 | D:5      | Noticed Duvessa
  4832 | D:5      | Noticed Dowan
  4835 | D:5      | Killed Duvessa
  4836 | D:5      | Reached skill level 5 in Earth Magic
  4837 | D:5      | Killed Dowan
  4838 | D:5      | Reached XP level 7. HP: 19/43 MP: 12/17
  5226 | D:5      | Reached skill level 6 in Spellcasting
  5759 | D:4      | Reached skill level 5 in Fighting
  5953 | D:4      | Found a sacrificial altar of Ru.
  6096 | D:4      | Noticed Blork the orc
  6099 | D:4      | Killed Blork the orc
  6337 | D:6      | Reached XP level 8. HP: 47/49 MP: 16/20
  6345 | D:6      | Reached skill level 7 in Spellcasting
  6421 | D:6      | Found a shimmering blue altar of Sif Muna.
  6429 | D:6      | Noticed Menkaure
  6435 | D:6      | Killed Menkaure
  6460 | D:6      | Found a glowing drain.
  6478 | Sewer    | Entered a sewer
  7033 | D:6      | Reached skill level 8 in Spellcasting
  7293 | D:6      | Found a sparkling altar of Nemelex Xobeh.
  7354 | D:6      | Reached XP level 9. HP: 26/56 MP: 23/23
  7712 | D:7      | Identified the +8 quarterstaff of Impeachment {elec, rPois}
  7919 | D:7      | Found a sparkling altar of Nemelex Xobeh.
  8452 | D:8      | Noticed a two-headed ogre
  8457 | D:8      | Killed a two-headed ogre
  8458 | D:8      | Reached skill level 9 in Spellcasting
  8528 | D:8      | Learned a level 5 spell: Lee's Rapid Deconstruction
  9162 | D:8      | Found a staircase to the Lair.
  9294 | D:8      | Reached XP level 10. HP: 41/65 MP: 25/25
  9682 | D:8      | Reached skill level 10 in Spellcasting
  9714 | D:8      | Noticed a rakshasa
  9899 | D:7      | Killed a rakshasa
 10541 | D:9      | Noticed a centaur warrior
 10548 | D:9      | Killed a centaur warrior
 10549 | D:9      | Reached skill level 1 in Shields
 10840 | D:9      | Found a hide-covered altar of Uskayaw.
 10891 | D:9      | Noticed a two-headed ogre
 10896 | D:9      | Killed a two-headed ogre
 10897 | D:9      | Reached skill level 11 in Spellcasting
 11201 | Temple   | Entered the Ecumenical Temple
 11561 | D:9      | Found a shadowy altar of Dithmenos.
 11664 | D:9      | Became a worshipper of Dithmenos the Shadowed
 11684 | D:9      | Found a transporter.
 11685 | D:9      | Found a transporter.
 11685 | D:9      | Noticed fly's ghost (journeyman OpIE)
 11687 | D:9      | Noticed a two-headed ogre
 11702 | D:9      | Reached skill level 10 in Fighting
 11769 | D:9      | Reached XP level 11. HP: 71/72 MP: 28/28
 12072 | D:9      | Found a glowing golden altar of the Shining One.
 12126 | D:9      | Noticed a red ugly thing
 12131 | D:9      | Killed a red ugly thing
 12262 | D:9      | Mangled by a shadow

Illustrated notes

Levels and vault maps discovered:
D:1:      minmay_arrival_radiant_lines, layout_basic,
          hellmonk_ecumenical_altar_arch_garden
D:2:      layout_rooms, serial_glass, glass_columns_a, glass_columns_a,
          due_unseen_surprise, minmay_strange_pillars, st_stairs_1, uniq_robin
D:3:      layout_loops_cross, xom_butterflies, fiery_altar_vehumet,
          lightli_temple_of_fire, grunt_ministairs_14, hex_medium
D:4:      layout_rooms, nicolae_ru_awakened_eye, minmay_temple_entry_poolview,
          hangedman_abyss_or_decor_slice, kennysheep_generic_room_12,
          uniq_blork_the_orc
D:5:      layout_gridville, uniq_duvessa
D:6:      layout_rooms, gup_sewer_entry_glass, corexii_item_surrounded_by_moat,
          hangedman_feature_mirror, uniq_menkaure
D:7:      layout_loops_ring, nicolae_overflow_hidden_temple,
          chequers_serial_rivers_micro_c
D:8:      layout_rooms, lair_entry_dummy, nzn_random_ring
D:9:      layout_stronghold, grunt_dithmenos_smoke_and_mirrors,
          nicolae_tso_swordbearing_angel, nicolae_uskayaw_suspiria,
          gammafunk_ghost_smash, minmay_shattered_shrine
Temple:   minmay_temple_curvy_branch

Skill      XL: |  1  2  3  4  5  6  7  8  9 10 11 |
---------------+----------------------------------+-----
Fighting       | 1 2 3 4 5 6 8 10 | 10.2
Earth Magic    | 4 5 6 7 8 9 |  9.9
Spellcasting   | 4 5 6 8 9 11 | 11.3
Shields        | 1 2 |  2.3
Dodging        | |  2.4
Stealth        | |  2.4
Transmutations | |  1.1

Action                   |  1- 3 |  4- 6 |  7- 9 | 10-12 || total
-------------------------+-------+-------+-------+-------++-------
Melee: Unarmed           |     1 |       |       |       ||     1
       Dagger            |    35 |    74 |   117 |       ||   226
       Quarterstaff      |       |       |    71 |    21 ||    92
 Cast: Sandblast         |    41 |    43 |   109 |    40 ||   233
       Passwall          |       |     2 |       |       ||     2
       Stone Arrow       |       |       |    29 |    24 ||    53
       Lee's Rapid Decon |       |       |       |     8 ||     8
Evoke: Wand              |       |     5 |     7 |     2 ||    14
  Use: Scroll            |       |     4 |     4 |       ||     8
       Potion            |       |       |     1 |     2 ||     3
 Stab: Sleeping          |     1 |     1 |     2 |       ||     4
       Distracted        |       |       |       |     1 ||     1
Armor: Robe              |     5 |    20 |    33 |       ||    58
       Leather armour    |       |       |   101 |    28 ||   129
       Skin              |       |       |       |    22 ||    22
Dodge: Dodged            |    43 |    77 |   152 |    42 ||   314

Table legend: (Time is in decaauts)
 A = Elapsed time spent in this place.
 B = Non-inter-level travel time spent in this place.
 C = Inter-level travel time spent in this place.
 D = Time resting spent in this place.
 E = Time spent auto-exploring this place.
 F = Levels seen in this place.
 G = Mean time per level.
                   A        B        C        D        E       F      G
               +--------+--------+--------+--------+--------+-----+--------+
         Total |  12341 |  11906 |    435 |   3784 |   6484 |  11 | 1121.9 |
       Dungeon |  11673 |  11242 |    431 |   3693 |   6040 |   9 | 1297.0 |
        Temple |    248 |    245 |      3 |      0 |    244 |   1 |  248.0 |
         Sewer |    419 |    419 |      0 |     91 |    199 |   1 |  419.0 |
               +--------+--------+--------+--------+--------+-----+--------+

Top non-repeatable levels by time:
     D:8: 1657 daAuts
     D:3: 1558 daAuts
     D:9: 1376 daAuts
     D:1: 1306 daAuts
     D:7: 1275 daAuts
     D:5: 1222 daAuts
     D:4: 1180 daAuts
     D:2: 1071 daAuts
     D:6: 1025 daAuts
   Sewer: 419 daAuts
  Temple: 248 daAuts
